 Dungeon Crawl Stone Soup version 0.31-a0-177-g4aa6249778 (webtiles) character file.

Game seed: 15141167308585713006

23 qw the Shooter (level 3, 0/32 HPs)
             Began as a Naga Hunter on June 18, 2023.
             Slain by a goblin
             ... wielding a +0 club
             ... led by Robin
              (3 damage)
             ... on level 1 of the Dungeon.
             The game lasted 00:00:16 (715 turns).

qw the Shooter (Naga Hunter)                         Turns: 715, Time: 00:00:17

Health: 0/32       AC:  2    Str: 13    XL:     3   Next: 0%
Magic:  3/3        EV:  9    Int:  9    God:
Gold:   42         SH:  0    Dex: 16    Spells: 2/2 levels left

rFire   . . .        Y - +0 shortbow
rCold   . . .        (shield currently unavailable)
rNeg    + . .        c - +0 leather armour
rPois   +            (no helmet)
rElec   .            (no cloak)
rCorr   .            (no gloves)
SInv    +            (no barding)
Will    .....        (no amulet)
Stlth   ++           m - ring of positive energy
HPRegen 0.25/turn    (no ring)
MPRegen 0.08/turn

%: no passive effects
@: brilliant, about to teleport, weak-willed, very slow
A: AC +1, large, see invisible, deformed body, poison resistance, slowness 2,
spit poison 1, naga tail 1
a: Spit Poison


You were on level 1 of the Dungeon.
You visited 1 branch of the dungeon, and saw 2 of its levels.

You collected 42 gold pieces.


Innate Abilities, Weirdness & Mutations

Your serpentine skin is tough. (AC +1)
You have supernaturally acute eyesight. (SInv)
Armour fits poorly on your strangely shaped body.
Your system is resistant to poisons. (rPois)
You cover ground very slowly.
You can spit poison.
You have a snake-like lower body.


   Skills:
 - Level 2.0 Fighting
 + Level 4.4 Ranged Weapons
 - Level 1.5 Dodging
 - Level 1.5 Stealth


You had 2 spell levels left.
You didn't know any spells.
Your spell library was empty.

Inventory:

Hand Weapons
 Y - a +0 shortbow (weapon)
Armour
 c - a +0 leather armour (worn)
Jewellery
 m - a ring of positive energy (left hand)
Scrolls
 f - 2 scrolls of enchant armour
 g - a scroll of identify
Potions
 e - a potion of heal wounds
 n - a potion of curing {unknown}

Dungeon Overview and Level Annotations

Branches:
Dungeon (2/15)

Altars:

Annotations:
D:2 Robin


Message History

Press: ? - help, Shift-Dir - straight line, f - hobgoblin The splash of poison hits the hobgoblin but does no damage.
The hobgoblin is poisoned.
The goblin shouts!
Robin of the Strong Arm comes into view.
They are wielding a +0 short sword.
You hear a shout! x4
You shoot an arrow. The arrow hits the hobgoblin!
You kill the hobgoblin!
Robin throws the goblin at you!
A ball python comes into view.
You have reached level 3!
Your experience leads to an increase in your attributes!
Increase (S)trength, (I)ntelligence, or (D)exterity?
You feel agile. x2; Your skin feels tougher.
You shoot an arrow. The goblin shouts!
The arrow hits the goblin.
The goblin is moderately wounded.
You hear a shout! x3
The goblin barely misses you.
Robin roars a battlecry!
The goblins go into a battle-frenzy!
You shoot an arrow. The arrow barely misses the goblin.
Robin throws the goblin at you!
The goblin hits you but does no damage. x2
The goblin hits you with a +0 club.
712 ||| STAIRDANCE The goblin hits you with a +0 club. x4
You climb upwards.
There is a stone staircase leading down here.
You shoot an arrow.
The arrow hits the goblin but does no damage.
The goblin is moderately wounded.
You have got your breath back.
The goblin misses you. The goblin hits you with a +0 club. x2
The goblin barely misses you.
715 ||| READING scroll of teleportation.
As you read the scroll of teleportation, it crumbles to dust.
You feel strangely unstable. The goblin hits you with a +0 club.
You die...

#..........#.####....#..#
#......#...#.####.#.#.#.#
......####.#?###...#.#.##
...}..#......###..#..[#.#
#.....####.#####...#.#.##
########.....###..#.#.#.#
....####.....###...#.#..#
#.######.....###g########
#.# ###.....###@### #.#
###.....##ggg#### #.#
########.....%# #.##
#...##.# #..# ######.#
##.# #########.# #.#
#....).##.# #.#
#.####.##.#
#.#########%##......#


You could see 4 goblins.

Vanquished Creatures
  2 ball pythons (D:1)
  2 giant cockroaches (D:1)
  3 goblins (D:1)
  4 hobgoblins
  2 kobolds (D:1)
  A quokka (D:1)
  2 bats (D:1)
  2 frilled lizards (D:1)
  3 rats (D:1)
21 creatures vanquished.

Notes
Turn   | Place    | Note
-------+----------+-------------------------------------------
     0 | D:1      | qw the Naga Hunter began the quest for the Orb.
     0 | D:1      | Reached XP level 1. HP: 19/19 MP: 1/1
     0 | D:1      | 0 ||| qw: Version: 0.3-a-5-g6f28e65
     0 | D:1      | 0 ||| qw: Game counter: 624
     0 | D:1      | 0 ||| qw: Always use a shield: true
     0 | D:1      | 0 ||| qw: God list: Okawaru
     0 | D:1      | 0 ||| qw: Allow faded altars: false
     0 | D:1      | 0 ||| qw: Do Orc after D:15 true
     0 | D:1      | 0 ||| qw: Do second Lair branch before Depths: true
     0 | D:1      | 0 ||| qw: Lair rune preference: random
     0 | D:1      | 0 ||| qw: Plans: Normal
     0 | D:1      | 0 ||| PLANNING D:1-11
    24 | D:1      | 24 ||| INVOKING Spit Poison.
    46 | D:1      | 46 ||| INVOKING Spit Poison.
    53 | D:1      | 53 ||| INVOKING Spit Poison.
   116 | D:1      | 116 ||| INVOKING Spit Poison.
   146 | D:1      | 146 ||| INVOKING Spit Poison.
   165 | D:1      | 165 ||| INVOKING Spit Poison.
   185 | D:1      | 185 ||| INVOKING Spit Poison.
   186 | D:1      | Reached skill level 4 in Ranged Weapons
   186 | D:1      | Reached XP level 2. HP: 26/26 MP: 2/2
   190 | D:1      | 190 ||| INVOKING Spit Poison.
   259 | D:1      | 259 ||| INVOKING Spit Poison.
   318 | D:1      | 318 ||| INVOKING Spit Poison.
   326 | D:1      | 326 ||| INVOKING Spit Poison.
   389 | D:1      | 389 ||| INVOKING Spit Poison.
   401 | D:1      | 401 ||| INVOKING Spit Poison.
   409 | D:1      | 409 ||| INVOKING Spit Poison.
   513 | D:1      | 513 ||| INVOKING Spit Poison.
   672 | D:1      | 672 ||| UPGRADING to ring of positive energy.
   673 | D:1      | 673 ||| READING scroll labelled JUIRHA EMEFUTOJ.
   674 | D:1      | 674 ||| READING 3 scrolls labelled UVALAVVUMI.
   675 | D:1      | 675 ||| READING 4 scrolls labelled LIL GESERPHOYGH.
   676 | D:1      | 676 ||| READING 2 scrolls labelled IVOREUSSOUJO.
   680 | D:1      | 680 ||| READING scroll labelled OTIBREIS OTIU.
   681 | D:1      | 681 ||| READING 2 scrolls labelled JYOTIPN RIYMI.
   682 | D:1      | 682 ||| DRINKING 3 puce potions.
   683 | D:1      | 683 ||| READING 3 scrolls of identify.
   683 | D:1      | 683 ||| IDENTIFYING metallic inky potion
   684 | D:1      | 684 ||| READING 2 scrolls of identify.
   684 | D:1      | 684 ||| IDENTIFYING metallic brown potion
   685 | D:1      | 685 ||| DROPPING scroll of butterflies.
   686 | D:1      | 686 ||| DROPPING 2 potions of brilliance.
   687 | D:1      | 687 ||| DROPPING potion of invisibility.
   688 | D:1      | 688 ||| DROPPING scroll of vulnerability.
   708 | D:2      | 708 ||| INVOKING Spit Poison.
   708 | D:2      | Noticed Robin
   710 | D:2      | Reached XP level 3. HP: 31/32 MP: 3/3
   712 | D:2      | 712 ||| STAIRDANCE
   714 | D:1      | HP: 8/32 [goblin/+0 club[Robin] (5)]
   714 | D:1      | HP: 3/32 [goblin/+0 club[Robin] (5)]
   715 | D:1      | 715 ||| READING scroll of teleportation.
   715 | D:1      | Slain by a goblin

Levels and vault maps discovered:
D:1:      dpeg_arrival_arbitrary_c, layout_loops_cross, minmay_tiny_reverse_x
D:2:      layout_rooms, ebering_ecumenical_altar_webs, uniq_robin

Skill      XL: |  1 |
---------------+----+-----
Ranged Weapons | 4 |  4.4
Fighting       | |  2.0
Dodging        | |  1.5
Stealth        | |  1.5

Action                     || total
---------------------------++-------
   Fire: Shortbow          ||    22
Ability: Spit Poison       ||    16
    Use: Scroll            ||     9
         Potion            ||     1
 Armour: Leather armour    ||     3
  Dodge: Dodged            ||     4

Table legend:
 A = Non-vault XP
 B = Vault XP
 C = Vault XP percentage of total XP
 D = Non-vault monster count
 E = Vault monster count
 F = Vault count percentage of total count
                 A         B        C        D         E       F
            +---------+---------+-------+---------+---------+-------
      Total |      29 |       5 |  14.7 |      18 |       3 |  14.3
            +---------+---------+-------+---------+---------+-------
        D:1 |      29 |       3 |   9.4 |      18 |       2 |  10.0
        D:2 |       0 |       2 | 100.0 |       0 |       1 | 100.0
            +---------+---------+-------+---------+---------+-------
